 Dungeon Crawl Stone Soup version 0.21-a0-361-g4efd3f9 (webtiles) character file.

560 Dfrag the Firebug (level 7, 0/46 HPs)
             Began as a Demonspawn Fire Elementalist on Oct 13, 2017.
             Hit by a stone thrown by a gnoll (5 damage)
             ... on level 4 of the Dungeon.
             The game lasted 00:08:09 (3702 turns).

Dfrag the Firebug (Demonspawn Fire Elementalist)    Turns: 3702, Time: 00:08:10

Health: 0/46       AC:  3    Str:  8    XL:     7   Next: 9%
Magic:  2/13       EV: 12    Int: 18    God:
Gold:   153        SH:  3    Dex: 14    Spells: 6/14 levels left

rFire    . . .     SeeInvis .   t - +2 whip (elec)
rCold    . . .     Gourm    .   (no shield)
rNeg     . . .     Faith    .   a - +0 robe
rPois    .         Spirit   .   (no helmet)
rElec    .         Reflect  +   f - +0 cloak
rCorr    .         Harm     .   (no gloves)
MR       +....                  (no boots)
Stlth    ++........             p - +3 amulet of reflection
HPRegen  0.15/turn              s - ring of protection from magic
MPRegen  0.13/turn              (no ring)

@: no status effects
A: powered by death 1, rot immunity
a: no special abilities


You were on level 4 of the Dungeon.
You were not hungry.

You visited 1 branch of the dungeon, and saw 4 of its levels.

You collected 153 gold pieces.

Inventory:

Hand Weapons
 k - a +4 dagger of flaming
 t - a +2 whip of electrocution (weapon)
Armour
 a - a +0 robe (worn)
 f - a +0 cloak (worn)
Jewellery
 p - a +3 amulet of reflection (around neck)
 s - a ring of protection from magic (left hand)
Wands
 q - a wand of iceblast (10/15)
Scrolls
 g - 2 scrolls of remove curse {unknown}
 j - 2 scrolls of fog {unknown}
 m - a scroll of amnesia {unknown}
 n - 2 scrolls of identify {unknown}
 r - 2 scrolls of teleportation {unknown}
Potions
 e - 2 potions of haste {unknown}
 h - a potion of lignification {unknown}
 i - 3 potions of curing {unknown}
 l - a potion of flight {unknown}
 o - 3 potions of magic {unknown}
Books
 b - a book of Flames

   Spells                             Type                      Level
   a - Flame Tongue                   Conjuration/Fire             1
   b - Throw Flame                    Conjuration/Fire             2
   c - Conjure Flame                  Conjuration/Fire             3
   d - Inner Flame                    Hexes/Fire                   3
   e - Sticky Flame                   Conjuration/Fire             4
   f - Fireball                       Conjuration/Fire             5
Comestibles
 c - 3 bread rations
 d - a meat ration


   Skills:
 - Level 1.7 Dodging
 - Level 1.7 Stealth
 + Level 4.4 Spellcasting
 + Level 4.2 Conjurations
 + Level 4.8 Fire Magic


You had 6 spell levels left.
You knew the following spells:

 Your Spells              Type           Power        Failure   Level  Hunger
a - Flame Tongue          Conj/Fire      ###..        2%          1    None
b - Conjure Flame         Conj/Fire      ###.....     6%          3    ###....
c - Sticky Flame          Conj/Fire      ###.....     22%         4    ####...


Dungeon Overview and Level Annotations

Branches:
Dungeon (4/15)
 Temple: D:4-7

Altars:


Innate Abilities, Weirdness & Mutations

You regenerate a little health from kills.
You are immune to rotting.


Message History

The gnoll hits you with a whip.
* * * LOW HITPOINT WARNING * * *
Casting: Flame Tongue
Confirm with . or Enter, or press ? or * to list all spells.
Aiming: Flame Tongue
Press: ? - help, Shift-Dir - straight line, f/p - gnoll
Aim: a gnoll, wielding a whip (severely wounded)
The flame tongue hits the gnoll.
You kill the gnoll!
The gnoll throws a stone.
The stone misses you.
The gnoll throws a stone.
The stone hits you.
* * * LOW HITPOINT WARNING * * *
You see here a stone.
You see here a stone.
You start resting.
The gnoll throws a stone.
The stone hits you!
* * * LOW HITPOINT WARNING * * *
You see here a stone.
The gnoll throws a stone.
The stone hits you.
You die...

.#
#..#..##########.#.#
.# #..#..#
#.......#.# .#
#..#..# #.#######.#
.## #..#..#
#.#.......# ..#
#..#..# #.#.#######
..# #..#..####.#.#
#)# #..#<(.....#.#
#.# #..#########.#
#.# #......(@....#
..# #g############
#.## #.# ...# #.#
#..# #.# #..# #.#
##.# #.# #(# #(#
#.## #(#


You could see a gnoll.

Vanquished Creatures
  A phantom (D:4)
  An orc priest (D:3)
  A gnoll shaman (D:4)
  A jelly (D:2)
  3 orc wizards
  2 worker ants (D:4)
  7 gnolls
  8 adders
  2 worms
  4 dart slugs
  9 orcs
  11 bats
  5 giant cockroaches
  6 goblins
  12 hobgoblins
  4 jackals
  A quokka (D:3)
  3 ball pythons
  7 frilled lizards
  12 kobolds
  9 rats
109 creatures vanquished.

Notes
Turn   | Place    | Note
-------+----------+-------------------------------------------
     0 | D:1      | Dfrag the Demonspawn Fire Elementalist began the quest for the Orb.
     0 | D:1      | Reached XP level 1. HP: 13/13 MP: 3/3
   125 | D:1      | Gained mutation: You regenerate a little health from kills. [demonic ancestry]
   125 | D:1      | Reached XP level 2. HP: 17/19 MP: 0/5
   365 | D:1      | Reached XP level 3. HP: 23/24 MP: 2/6
   944 | D:2      | Reached XP level 4. HP: 30/30 MP: 4/8
  1021 | D:2      | Learned a level 3 spell: Conjure Flame
  1026 | D:2      | Learned a level 4 spell: Sticky Flame
  1863 | D:3      | Reached XP level 5. HP: 24/35 MP: 0/9
  2457 | D:3      | HP: 1/35 [orc priest/divine providence (9)]
  2764 | D:3      | Reached XP level 6. HP: 21/41 MP: 2/11
  3646 | D:4      | Gained mutation: You are immune to rotting. [demonic ancestry]
  3646 | D:4      | Reached XP level 7. HP: 37/46 MP: 2/13
  3702 | D:4      | Hit by a stone thrown by a gnoll

Vault maps used:
D:1:      scummos_arrival_star
D:2:      first_bread, small_statue_intersection

Skill      XL: |  1  2  3  4  5  6 |
---------------+-------------------+-----
Fire Magic     | 3 4 |  4.8
Conjurations   | 2 3 4 |  4.2
Spellcasting   | 3 4 |  4.4
Dodging        | |  1.7
Stealth        | |  1.7

Action                   |  1- 3 |  4- 6 |  7- 9 || total
-------------------------+-------+-------+-------++-------
Melee: Unarmed           |    17 |       |       ||    17
       Dagger            |    15 |    50 |       ||    65
       Whip              |       |    21 |     6 ||    27
 Cast: Flame Tongue      |    47 |   127 |     4 ||   178
       Conjure Flame     |       |     3 |     1 ||     4
       Sticky Flame      |       |     3 |       ||     3
 Stab: Sleeping          |     3 |     1 |       ||     4
  Eat: Chunk             |     1 |     9 |       ||    10
Armor: Robe              |    19 |    13 |     2 ||    34
Dodge: Dodged            |    51 |    58 |     5 ||   114
Block: Other             |       |    18 |       ||    18
       Reflection        |       |     1 |       ||     1

Table legend:
 A = Spawn XP
 B = Non-spawn XP
 C = Spawn XP percentage of total XP
 D = Spawn monster count
 E = Non-spawn monster count
 F = Spawn count percentage of total count
 G = Total turns spent on level
                    A         B        C        D         E        F      G
               +---------+---------+-------+---------+---------+-------+---------
         Total |       0 |     800 |   0.0 |       0 |     109 |   0.0 |  3702
               +---------+---------+-------+---------+---------+-------+---------
           D:1 |       0 |      74 |   0.0 |       0 |      31 |   0.0 |   908
           D:2 |       0 |     119 |   0.0 |       0 |      25 |   0.0 |  1087
           D:3 |       0 |     228 |   0.0 |       0 |      40 |   0.0 |  1341
           D:4 |       0 |     379 |   0.0 |       0 |      13 |   0.0 |   366
               +---------+---------+-------+---------+---------+-------+---------
